Map: Eastwatch LE

Players

ChauNguyen

  • Race: Terran Terran
  • League: Gold
  • Spawn Location: 1:00

VirusSpike - Winner!

  • Race: Zerg Zerg
  • League: Platinum
  • Spawn Location: 7:00

VOD

Have the link to the VOD?

Description

Time

  • Played on: March 2, 2018, 6 p.m.
  • Length: 11:23
Show
View Real Time Build Order
Export as new Build Order

ChauNguyen Terran 

Build Orders:  

Get SALT Encoding   

Show
View Real Time Build Order
Export as new Build Order

VirusSpike Zerg - Winner!

Build Orders: Hatch First, Zergling Baneling 

Get SALT Encoding   

  12  0:01  Drone  
  12  0:12  Overlord  
  12  0:17  Drone  
  12  0:30  Drone x2  
  12  0:34  Drone  
  12  0:54  Hatchery  
  12  0:56  Drone  
  12  1:10  Spawning Pool  
  12  1:13  Drone  
  12  1:16  Extractor  
  12  1:19  Drone  
  12  1:22  Drone  
  12  1:29  Drone  
  12  1:41  Overlord  
  12  2:00  Zergling x2  
  12  2:01  Zergling x2  
  12  2:05  Queen x2  
  12  2:06  Zergling x2  
  12  2:17  Drone  
  12  2:18  Drone  
  12  2:24  Drone  
  12  2:29  Drone  
  12  2:36  Drone  
  12  2:43  Overlord  
  12  2:44  Drone  
  12  2:47  Metabolic Boost  
  12  2:53  Drone  
  12  2:55  Drone  
  12  3:00  Drone  
  12  3:06  Drone  
  12  3:10  Drone  
  12  3:15  Drone, Overlord  
  12  3:16  Drone x4  
  12  3:19  Drone  
  12  3:27  Drone  
  12  3:33  Hatchery, Drone  
  12  3:36  Drone  
  12  3:40  Baneling Nest  
  12  3:41  Drone  
  12  3:46  Overlord  
  12  3:47  Drone x3  
  12  3:48  Drone  
  12  3:50  Drone  
  12  3:55  Drone  
  12  4:05  Overlord x2  
  12  4:12  Extractor, Lair  
  12  4:13  Extractor  
  12  4:14  Zergling x2  
  12  4:19  Zergling x12  
  12  4:25  Zergling x2  
  12  4:36  Zergling x4  
  12  4:43  Baneling  
  12  4:44  Baneling x5  
  12  4:45  Baneling x2  
  12  4:46  Zergling x2  
  12  4:47  Zergling x4  
  12  4:50  Zergling x6  
  12  4:51  Zergling x6  
  12  4:56  Queen  
  12  5:00  Drone x2  
  12  5:06  Drone, Evolution Chamber  
  12  5:07  Evolution Chamber  
  12  5:13  Drone x2  
  12  5:14  Drone  
  12  5:18  Overlord  
  12  5:23  Drone x7  
  12  5:30  Spore Crawler  
  12  5:31  Spore Crawler  
  12  5:33  Drone x3, Spore Crawler  
  12  5:37  Zerg Missile Weapons Level 1  
  12  5:40  Zerg Ground Armor Level 1  
  12  5:44  Hydralisk Den, Drone  
  12  5:46  Drone  
  12  5:47  Drone  
  12  5:50  Drone x2  
  12  5:56  Overlord x2  
  12  5:57  Drone  
  12  5:59  Drone  
  12  6:00  Drone  
  12  6:08  Drone x2  
  12  6:11  Extractor  
  12  6:13  Extractor  
  12  6:14  Extractor  
  12  6:15  Grooved Spines  
  12  6:16  Centrifical Hooks  
  12  6:19  Drone  
  12  6:20  Drone x4  
  12  6:21  Drone  
  12  6:26  Drone x5  
  12  6:31  Drone x3  
  12  6:36  Drone  
  12  6:46  Overlord x2  
  12  6:47  Overlord  
  12  6:54  Overlord x3  
  12  6:58  Hydralisk x2  
  12  7:02  Hatchery  
  12  7:05  Hydralisk x3  
  12  7:11  Hydralisk x3  
  12  7:13  Hydralisk  
  12  7:14  Hydralisk  
  12  7:17  Baneling x4  
  12  7:18  Baneling x2  
  12  7:24  Hydralisk x3  
  12  7:26  Hydralisk  
  12  7:27  Muscular Augments  
  12  7:38  Hydralisk  
  12  7:39  Hydralisk x5  
  12  7:43  Baneling x8  
  12  7:44  Baneling x2  
  12  7:53  Zergling x16  
  12  7:58  Zerg Missile Weapons Level 2  
  12  8:03  Overlord x2  
  12  8:07  Zergling x10  
  12  8:09  Zerg Ground Armor Level 2  
  12  8:15  Queen  
  12  8:17  Overlord x2  
  12  8:26  Hydralisk x4  
  12  8:28  Hydralisk  
  12  8:29  Hydralisk  
  12  8:42  Zergling x16  
  12  8:43  Zergling x10  
  12  8:51  Drone x4  
  12  9:08  Hydralisk  
  12  9:09  Zergling x2  
  12  9:10  Zergling x8  
  12  9:11  Overlord x2  
  12  9:12  Overlord  
  12  9:14  Overseer  
  12  9:21  Extractor x2  
  12  9:29  Overlord x2  
  12  9:30  Hydralisk  
  12  9:31  Hydralisk x4  
  12  9:45  Infestation Pit  
Tags
 
Add a new tag
Caveats
  • Supply blocks, unpowered buildings, or Contaminate may cause inaccurate times.
  • Supply counts are checked every 10 seconds.